 Dungeon Sprint DCSS version 0.28.0-49-g6dfe1f597d (webtiles) character file.

Game seed: 11523861335800769856

1962 Groucho the Unseen (level 9, 0/39 HPs)
             Began as a Spriggan Enchanter on May 16, 2022.
             Was a High Priest of Dithmenos.
             Killed from afar by a nagaraja (14 damage)
             ... with a splash of poison
             ... in the Dungeon (Sprint VII: "The Pits") on May 18, 2022.
             The game lasted 00:11:08 (3099 turns).

Groucho the Unseen (Spriggan Enchanter)             Turns: 3099, Time: 00:11:09

Health: 0/39       AC:  2    Str:  8    XL:     9   Next: 0%
Magic:  16/25      EV: 26    Int: 19    God:    Dithmenos [*****.]
Gold:   0          SH:  0    Dex: 19    Spells: 19/30 levels left

rFire   . . .      SeeInvis +   a - +2 dagger
rCold   . . .      Faith    .   (no shield)
rNeg    . . .      Spirit   .   b - +0 robe
rPois   .          Reflect  .   (helmet restricted)
rElec   .          Harm     .   (no cloak)
rCorr   .          Rampage  .   (gloves unavailable)
Will    +....      NoTele   +   (boots unavailable)
Stlth   ++++++++++              (no amulet)
HPRegen 0.13/turn               m - +3 ring of intelligence
MPRegen 0.19/turn               n - +3 ring of dexterity

@: lethally poisoned (0 -> -9), wreathed by umbra, very quick
A: very small, no large weapons, unfitting armour, see invisible, speed 3
a: Renounce Religion, Shadow Step, Shadow Form


You were in the Dungeon.
You worshipped Dithmenos.
Dithmenos was extremely pleased with you.
You visited 1 branch

Inventory:

Hand Weapons
 a - a +2 dagger (weapon)
Missiles
 j - 10 stones (quivered)
Armour
 b - a +0 robe (worn)
Jewellery
 m - a +3 ring of intelligence (left hand)
 n - a +3 ring of dexterity (right hand)
Scrolls
 i - a scroll of blinking
 k - 5 scrolls of amnesia
 l - a scroll of summoning
Potions
 c - 3 potions of invisibility
 d - 7 potions of curing
 e - 10 potions of heal wounds
 f - a potion of haste
 g - 3 potions of magic
 h - 2 potions of berserk rage
 o - a potion of resistance
 p - 3 potions of mutation
 q - a potion of might


   Skills:
 + Level 9.0 Short Blades
 + Level 11.1 Dodging
 - Level 15.0 Stealth
 + Level 11.4 Spellcasting
 + Level 2.9 Conjurations
 + Level 11.7 Hexes


You had 19 spell levels left.
You knew the following spells:

 Your Spells              Type           Power      Damage    Failure   Level
a - Confusing Touch       Hex            53%        N/A       1%          3
b - Ensorcelled Hibernat  Hex/Ice        66%        N/A       1%          2
c - Dazzling Flash        Conj/Hex       76%        N/A       1%          3
d - Tukima's Dance        Hex            53%        N/A       1%          3

Your spell library contained the following spells:

 Spells                   Type           Power      Damage    Failure   Level


Dungeon Overview and Level Annotations

Branches:
Dungeon (1/1)

Altars:
Ashenzari
Cheibriados
Dithmenos
Elyvilon
Fedhas
Gozag
Hepliaklqana
Kikubaaqudgha
Makhleb
Nemelex Xobeh
Okawaru
Qazlal
Ru
Sif Muna
Trog
Uskayaw
Vehumet
Wu Jian
Xom
Yredelemnul
Zin
The Shining One
Beogh
Jiyva
Lugonu


Innate Abilities, Weirdness & Mutations

You are very small and have problems with some larger weapons.
You are too small for most types of armour.
You have supernaturally acute eyesight. (SInv)
You cover ground extremely quickly. (Speed+++)


Message History

Aiming: Shadow Step
Press: ? - help, Dir - move target, f - orange demon
Aim: an orange demon (asleep, umbra)
You fail to use your ability.
Unknown command.
Unknown command.
Unknown command.
Aiming: Shadow Step
Press: ? - help, Dir - move target, f/p - orange demon
Aim: an orange demon (asleep, umbra)
You step into the orange demon's shadow.
A red devil, a nagaraja and a molten gargoyle come into view.
The red devil is wielding a +0 demon trident of electrocution.
The molten gargoyle is wielding a +0 mace of holy wrath.
Unknown command.
The helpless orange demon fails to defend itself.
You perforate the orange demon like a sieve!!!!
You kill the orange demon!
Dithmenos accepts your kill.
The molten gargoyle hits you with a +0 mace of holy wrath!
You are engulfed in flames!
Your Short Blades skill increases to level 9!
Your Dodging skill increases to level 11!
You have reached level 9!
Your experience leads to an increase in your attributes!
Your base attributes are Str 6, Int 16, Dex 16.
Increase (S)trength, (I)ntelligence, or (D)exterity?
You feel stronger. x2
Unknown command.
Unknown command.
Aiming: Shadow Step
Press: ? - help, Dir - move target, f - red devil
Aim: a red devil, wielding a +0 demon trident of electrocution (asleep, umbra)
You step into the red devil's shadow.
The red devil completely misses you.
The nagaraja shouts!
A gargoyle comes into view. It is wielding a +0 flail.
The red devil closely misses you. The nagaraja spits poison at you.
The splash of poison hits you!
You are poisoned.
You die...

####''###### ..##''#
###### ..##..# .....
..##..# ... ..##..####
#'######
..##.)#..#####.##4.N# +#
..##..#....##...#...#..
..##..'.....#...#...#...
####..'.....'...@9|.'.9.'
####..'.....#...#...#...#
[[##..#....##...#...#...#
[[##..#..#####.##...# '##
))##..#### #'###### ..
))##..# ... ))##..# .....
###### #####


You could see a nagaraja (catching breath), a molten gargoyle, a red devil and a
gargoyle (dormant).

Vanquished Creatures
  A shadow wraith (D)
  An orange demon (D)
  2 hellwings (D)
  A neqoxec (D)
  A water moccasin (D)
  A sky beast (D)
  A bullfrog (D)
  2 scorpions (D)
  A crimson imp (D)
  2 orc priests (D)
  An orc wizard (D)
  A mummy (D)
  2 gnolls (D)
  A river rat (D)
  An adder (D)
  6 orcs (D)
  A bat skeleton (D)
  2 giant cockroaches (D)
  2 goblins (D)
  3 jackals (D)
  A quokka (D)
  A ball python zombie (D)
  A bat (D)
  A frilled lizard (D)
37 creatures vanquished.

Notes
Turn   | Place    | Note
-------+----------+-------------------------------------------
     0 | D        | Groucho the Spriggan Enchanter began the quest for the Orb.
     0 | D        | Reached XP level 1. HP: 9/9 MP: 5/5
    12 | D        | Reached skill level 5 in Stealth
    37 | D        | Found a bloodstained altar of Trog.
    37 | D        | Found a shimmering blue altar of Sif Muna.
    37 | D        | Found a viscous altar of Jiyva.
    37 | D        | Found a hazy altar of Hepliaklqana.
    37 | D        | Found an opulent altar of Gozag.
    38 | D        | Found a glowing golden altar of the Shining One.
    38 | D        | Found a glowing silver altar of Zin.
    38 | D        | Found a basalt altar of Yredelemnul.
    38 | D        | Found a shimmering altar of Xom.
    38 | D        | Found an ornate altar of the Wu Jian Council.
    38 | D        | Found a sacrificial altar of Ru.
    38 | D        | Found a stormy altar of Qazlal.
    38 | D        | Found an iron altar of Okawaru.
    38 | D        | Found a sparkling altar of Nemelex Xobeh.
    38 | D        | Found a burning altar of Makhleb.
    38 | D        | Found a blossoming altar of Fedhas.
    38 | D        | Found a white marble altar of Elyvilon.
    38 | D        | Found a shadowy altar of Dithmenos.
    38 | D        | Found a snail-covered altar of Cheibriados.
    40 | D        | Found a radiant altar of Vehumet.
    40 | D        | Found a corrupted altar of Lugonu.
    41 | D        | Found a hide-covered altar of Uskayaw.
    41 | D        | Found an ancient bone altar of Kikubaaqudgha.
    41 | D        | Found a broken altar of Ashenzari.
   532 | D        | Became a worshipper of Dithmenos the Shadowed
   551 | D        | Noticed a scorpion
   565 | D        | Reached skill level 6 in Stealth
   565 | D        | Reached XP level 2. HP: 13/13 MP: 5/7
   567 | D        | Killed a scorpion
   567 | D        | Reached * piety under Dithmenos
   568 | D        | Reached skill level 9 in Stealth
   568 | D        | Reached skill level 5 in Spellcasting
   568 | D        | Reached skill level 5 in Hexes
   568 | D        | Reached XP level 3. HP: 16/16 MP: 5/10
   568 | D        | Reached XP level 4. HP: 21/21 MP: 6/12
   738 | D        | Learned a level 3 spell: Confusing Touch
   741 | D        | Learned a level 2 spell: Ensorcelled Hibernation
   745 | D        | Learned a level 3 spell: Dazzling Flash
   749 | D        | Learned a level 3 spell: Tukima's Dance
   903 | D        | Reached ** piety under Dithmenos
   904 | D        | Reached skill level 10 in Stealth
  1365 | D        | Noticed a bullfrog
  1386 | D        | Reached *** piety under Dithmenos
  1427 | D        | Reached skill level 11 in Stealth
  1428 | D        | Reached **** piety under Dithmenos
  1435 | D        | Reached XP level 5. HP: 24/24 MP: 9/15
  1448 | D        | Reached skill level 5 in Dodging
  1448 | D        | Reached skill level 12 in Stealth
  1585 | D        | Reached ***** piety under Dithmenos
  1654 | D        | Reached XP level 6. HP: 28/28 MP: 14/17
  1696 | D        | Noticed a hellwing
  1698 | D        | Killed a hellwing
  1699 | D        | Reached skill level 13 in Stealth
  1699 | D        | Reached XP level 7. HP: 32/32 MP: 18/20
  1709 | D        | Reached skill level 14 in Stealth
  1717 | D        | Noticed a hellwing
  1718 | D        | Noticed a neqoxec
  1808 | D        | Killed a neqoxec
  1808 | D        | Reached ****** piety under Dithmenos
  1809 | D        | Reached skill level 10 in Hexes
  2321 | D        | Killed a hellwing
  2322 | D        | Reached skill level 15 in Stealth
  2322 | D        | Reached skill level 10 in Spellcasting
  2322 | D        | Reached XP level 8. HP: 15/36 MP: 14/23
  2793 | D        | Noticed a shadow wraith
  2828 | D        | Killed a shadow wraith
  2829 | D        | Reached skill level 10 in Dodging
  3092 | D        | Noticed an orange demon
  3094 | D        | Noticed a red devil
  3094 | D        | Noticed a nagaraja
  3094 | D        | Noticed a molten gargoyle
  3095 | D        | Killed an orange demon
  3096 | D        | Reached XP level 9. HP: 16/39 MP: 20/25
  3097 | D        | Noticed a gargoyle
  3099 | D        | Killed from afar by a nagaraja

Illustrated notes

Levels and vault maps discovered:
D:        pitsprint [storerooms_1, entrance_room_1, metal_vault_1, armoury_1,
          mini_pit_1, grid_room_1, main_hall_1, silver_pit, the_coven_1,
          the_vestibule_1, steel_vault_3, golden_pit, hallway_of_sentries,
          crystal_vault_2, iron_vault_1, final_vault]

Skill      XL: |  1  2  3  4  5  6  7  8 |
---------------+-------------------------+-----
Stealth        | 6 9 11 12 13 15 | 15.0
Spellcasting   | 3 5 6 7 8 10 11 | 11.4
Hexes          | 4 5 7 8 9 10 11 | 11.7
Short Blades   | 2 4 6 7 9 |  9.0
Dodging        | 4 5 7 9 11 | 11.1
Conjurations   | 2 |  2.9

Action                   |  1- 3 |  4- 6 |  7- 9 || total
-------------------------+-------+-------+-------++-------
Melee: Dagger            |    23 |    41 |    28 ||    92
Throw: Stone             |       |     4 |       ||     4
 Cast: Ensorcelled Hiber |       |    27 |     6 ||    33
       Confusing Touch   |       |     1 |     3 ||     4
Invok: Shadow Step       |       |       |     6 ||     6
  Use: Potion            |     1 |     1 |       ||     2
 Stab: Sleeping          |     1 |    16 |     9 ||    26
       Confused          |       |     1 |     3 ||     4
Armor: Robe              |     3 |     5 |     1 ||     9
Dodge: Dodged            |    15 |    47 |    15 ||    77
